 Dungeon Crawl Stone Soup version 0.26-a0-597-gb535b0901c (webtiles) character file.

Game seed: 13563820647601567415

643 graki42 the Sneak (level 7, 0/51 HPs)
             Began as a Gnoll Enchanter on Aug 26, 2020.
             Slain by a bullfrog zombie (5 damage)
             ... in an ossuary.
             The game lasted 00:12:12 (3604 turns).

graki42 the Sneak (Gnoll Enchanter)                 Turns: 3604, Time: 00:12:13

Health: 0/51       AC:  5    Str: 11    XL:     7   Next: 51%
Magic:  10/15      EV: 15    Int: 17    God:
Gold:   178        SH:  0    Dex: 17    Spells: 11/17 levels left

rFire    . . .     SeeInvis .   k - +3 dagger (flame)
rCold    . . .     Faith    .   (no shield)
rNeg     . . .     Spirit   .   c - +0 leather armour
rPois    .         Reflect  .   l - +0 helmet
rElec    .         Harm     .   (no cloak)
rCorr    .                      j - +0 pair of gloves
MR       .....                  (no boots)
Stlth    +++.......             (no amulet)
HPRegen  0.17/turn              (no ring)
MPRegen  0.14/turn              (no ring)

@: confusing touch
A: distributed training, fangs 1, strong nose
a: no special abilities


You were in an ossuary.
You visited 1 branch of the dungeon, and saw 4 of its levels.
You also visited: Sewer and Ossuary.

You collected 178 gold pieces.

Inventory:

Hand Weapons
 a - a +1 dagger
 k - a +3 dagger of flaming (weapon)
Missiles
 d - 8 poisoned darts (quivered)
Armour
 b - a +0 robe
 c - a +0 leather armour (worn)
 j - a +0 pair of gloves (worn)
 l - a +0 helmet (worn)
Wands
 o - a wand of random effects (30)
Scrolls
 f - 2 scrolls of teleportation
 g - a scroll of blinking
 h - a scroll of fog
Potions
 e - 2 potions of curing {unknown}
 i - a potion of mutation


   Skills:
 + Level 2.5 Fighting
 + Level 3.6 Short Blades
 + Level 2.5 Long Blades
 + Level 2.5 Axes
 + Level 2.5 Maces & Flails
 + Level 2.5 Polearms
 + Level 2.5 Staves
 + Level 2.5 Slings
 + Level 2.5 Bows
 + Level 2.5 Crossbows
 + Level 2.5 Throwing
 + Level 2.5 Armour
 + Level 5.2 Dodging
 + Level 6.5 Stealth
 + Level 2.5 Shields
 + Level 2.5 Unarmed Combat
 + Level 5.6 Spellcasting
 + Level 2.0 Conjurations
 + Level 5.8 Hexes
 + Level 2.0 Summonings
 + Level 2.0 Necromancy
 + Level 2.0 Translocations
 + Level 2.0 Transmutations
 + Level 2.0 Fire Magic
 + Level 2.0 Ice Magic
 + Level 2.0 Air Magic
 + Level 2.0 Earth Magic
 + Level 2.0 Poison Magic
 + Level 2.8 Invocations
 + Level 2.5 Evocations


You had 11 spell levels left.
You knew the following spells:

 Your Spells              Type           Power        Failure   Level
a - Corona                Hex            ###....      1%          1
b - Ensorcelled Hibernat  Hex/Ice        ###...       5%          2
c - Confusing Touch       Hex            ###.....     4%          3

Your spell library contained the following spells:

 Spells                   Type           Power        Failure   Level
 Tukima's Dance           Hex            ###.....     4%          3
 Dazzling Flash           Conj/Hex       ###...       11%         3


Dungeon Overview and Level Annotations

Branches:
Dungeon (3/15)              Sewer (visited)         Ossuary (1/1)

Altars:
Nemelex Xobeh
Qazlal


Innate Abilities, Weirdness & Mutations

Your experience applies equally to all skills.
You have very sharp teeth.
Your uncanny sense of smell can sniff out nearby items.


Message History

The hound zombie barely misses you.
Your leather armour prevents you from hitting the hound zombie.
The hound zombie is severely damaged.
The hound zombie misses you. The hound zombie closely misses you.
You barely miss the hound zombie.
The hound zombie is severely damaged.
The hound zombie misses you.
You hit the hound zombie. You burn the hound zombie.
You destroy the hound zombie!
Casting: Confusing Touch (dangerous; 4% risk of failure)
Confirm with . or Enter, or press ? or * to list all spells.
Your hands begin to glow red.
The bullfrog zombie hits you.
* * * LOW HITPOINT WARNING * * *
You barely miss the bullfrog zombie. Your bite misses the bullfrog zombie.
The bullfrog zombie hits you.
* * * LOW HITPOINT WARNING * * *
You hit the bullfrog zombie but do no damage.
You punch the bullfrog zombie, but do no damage.
The bullfrog zombie hits you.
You die...

'#'#+#+#+#
M.....Z..+
##.#####.###
∆∆∆
#...#.'.#
∆∆∆
#.∩.Z.###
∆∆∆
#∩.@#.'.#
#####.###
'.+ #.#
∆∆∆#.'
∆∆∆'.#
∆∆∆#.'


You could see a bullfrog zombie.

Vanquished Creatures
  2 bullfrogs (Sewer)
  A wyvern zombie (Ossuary)
  A water moccasin zombie (Ossuary)
  A bullfrog zombie (Ossuary)
  A centaur zombie (Ossuary)
  An orc wizard (D:2)
  An orc priest (D:2)
  Ijyb (D:3)
  A hound zombie (Ossuary)
  5 mummies (Ossuary)
  Robin (D:3)
  9 adders
  An ufetubus (D:6)
  A worm (D:3)
  2 dart slugs (D:1)
  A leopard gecko (D:3)
  4 orcs
  2 ball pythons
  10 giant cockroaches
  10 goblins
  8 hobgoblins
  3 jackals (D:1)
  6 kobolds
  5 bats
  6 frilled lizards (Sewer)
  A quokka zombie (D:6)
  10 rats
  A rat zombie (D:6)
96 creatures vanquished.

Vanquished Creatures (others)
  A bullfrog (D:6)
  A worker ant (D:6)
  A leopard gecko (D:6)
  3 withered plants (Ossuary)
6 creatures vanquished.

Grand Total: 102 creatures vanquished

Notes
Turn   | Place    | Note
-------+----------+-------------------------------------------
     0 | D:1      | graki42 the Gnoll Enchanter began the quest for the Orb.
     0 | D:1      | Reached XP level 1. HP: 13/13 MP: 6/6
    62 | D:1      | Reached XP level 2. HP: 19/19 MP: 7/7
    66 | D:1      | Learned a level 2 spell: Ensorcelled Hibernation
   838 | D:1      | Reached XP level 3. HP: 25/25 MP: 9/9
   845 | D:1      | Reached skill level 5 in Spellcasting
  1321 | D:2      | Reached skill level 6 in Stealth
  1514 | D:2      | Reached skill level 1 in Fighting
  1514 | D:2      | Reached skill level 1 in Long Blades
  1514 | D:2      | Reached skill level 1 in Axes
  1514 | D:2      | Reached skill level 1 in Maces & Flails
  1514 | D:2      | Reached skill level 1 in Polearms
  1514 | D:2      | Reached skill level 1 in Staves
  1514 | D:2      | Reached skill level 1 in Slings
  1514 | D:2      | Reached skill level 1 in Bows
  1514 | D:2      | Reached skill level 1 in Crossbows
  1514 | D:2      | Reached skill level 1 in Throwing
  1514 | D:2      | Reached skill level 1 in Armour
  1514 | D:2      | Reached skill level 1 in Shields
  1514 | D:2      | Reached skill level 1 in Unarmed Combat
  1514 | D:2      | Reached skill level 1 in Invocations
  1514 | D:2      | Reached skill level 1 in Evocations
  1514 | D:2      | Reached XP level 4. HP: 32/32 MP: 8/11
  1619 | D:2      | Learned a level 3 spell: Confusing Touch
  1839 | D:2      | Reached skill level 1 in Conjurations
  1839 | D:2      | Reached skill level 1 in Summonings
  1839 | D:2      | Reached skill level 1 in Necromancy
  1839 | D:2      | Reached skill level 1 in Translocations
  1839 | D:2      | Reached skill level 1 in Transmutations
  1839 | D:2      | Reached skill level 1 in Fire Magic
  1839 | D:2      | Reached skill level 1 in Ice Magic
  1839 | D:2      | Reached skill level 1 in Air Magic
  1839 | D:2      | Reached skill level 1 in Earth Magic
  1839 | D:2      | Reached skill level 1 in Poison Magic
  2088 | D:3      | Found a stormy altar of Qazlal.
  2090 | D:3      | Reached XP level 5. HP: 37/37 MP: 4/12
  2258 | D:3      | Found a sparkling altar of Nemelex Xobeh.
  2271 | D:3      | Noticed Robin
  2346 | D:3      | Killed Robin
  2487 | D:3      | Found a glowing drain.
  2503 | Sewer    | Entered a sewer
  2825 | Sewer    | Reached XP level 6. HP: 44/44 MP: 9/14
  2871 | Sewer    | Reached skill level 5 in Dodging
  3170 | D:3      | Noticed Ijyb
  3177 | D:3      | Killed Ijyb
  3333 | D:3      | You fall into a shaft and drop 3 floors!
  3356 | D:6      | Found a sand-covered staircase.
  3373 | Ossuary  | Entered an ossuary
  3404 | Ossuary  | Reached XP level 7. HP: 20/50 MP: 4/15
  3604 | Ossuary  | Slain by a bullfrog zombie

Illustrated notes

Levels and vault maps discovered:
D:1:      psy_arrival_fountain, layout_basic
D:2:      layout_loops_ring
D:3:      layout_loops_ring, nicolae_overflow_crystal_walls,
          nicolae_overflow_hidden_temple, old_standard_altar,
          nicolae_qazlal_eye_of_the_storm, portal_sewer_entry_f, uniq_ijyb,
          uniq_robin
D:6:      layout_rooms, enter_ossuary_4, xom_confusion_cloud,
          uniq_blork_the_orc, uniq_maggie
Ossuary:  ossuary_zaba_flooded

Skill      XL: |  1  2  3  4  5  6  7 |
---------------+----------------------+-----
Spellcasting   | 5 |  5.6
Stealth        | 6 |  6.5
Fighting       | 1 2 |  2.5
Long Blades    | 1 2 |  2.5
Axes           | 1 2 |  2.5
Maces & Flails | 1 2 |  2.5
Polearms       | 1 2 |  2.5
Staves         | 1 2 |  2.5
Slings         | 1 2 |  2.5
Bows           | 1 2 |  2.5
Crossbows      | 1 2 |  2.5
Throwing       | 1 2 |  2.5
Armour         | 1 2 |  2.5
Shields        | 1 2 |  2.5
Unarmed Combat | 1 2 |  2.5
Invocations    | 1 2 |  2.8
Evocations     | 1 2 |  2.5
Conjurations   | 1 2 |  2.0
Summonings     | 1 2 |  2.0
Necromancy     | 1 2 |  2.0
Translocations | 1 2 |  2.0
Transmutations | 1 2 |  2.0
Fire Magic     | 1 2 |  2.0
Ice Magic      | 1 2 |  2.0
Air Magic      | 1 2 |  2.0
Earth Magic    | 1 2 |  2.0
Poison Magic   | 1 2 |  2.0
Short Blades   | 3 |  3.6
Dodging        | 5 |  5.2
Hexes          | |  5.8

Action                   |  1- 3 |  4- 6 |  7- 9 || total
-------------------------+-------+-------+-------++-------
Melee: Dagger            |    73 |   167 |    57 ||   297
       Bite              |     6 |     7 |     9 ||    22
       Punch             |       |     1 |     1 ||     2
Throw: Dart              |       |     1 |       ||     1
 Cast: Ensorcelled Hiber |    11 |    25 |       ||    36
       Confusing Touch   |       |     5 |     7 ||    12
  Use: Scroll            |       |     6 |       ||     6
 Stab: Sleeping          |    15 |    25 |       ||    40
       Confused          |       |     2 |     4 ||     6
Armor: Robe              |     5 |       |       ||     5
       Leather armour    |    13 |    29 |     9 ||    51
Dodge: Dodged            |    55 |   110 |    26 ||   191

Table legend: (Time is in decaauts)
 A = Elapsed time spent in this place.
 B = Non-inter-level travel time spent in this place.
 C = Inter-level travel time spent in this place.
 D = Time resting spent in this place.
 E = Time spent auto-exploring this place.
 F = Levels seen in this place.
 G = Mean time per level.
                   A        B        C        D        E       F      G
               +--------+--------+--------+--------+--------+-----+--------+
         Total |   3656 |   3622 |     34 |    644 |   2164 |   6 |  609.3 |
       Dungeon |   2693 |   2659 |     34 |    459 |   1680 |   4 |  673.2 |
         Sewer |    745 |    745 |      0 |     74 |    483 |   1 |  745.0 |
       Ossuary |    216 |    216 |      0 |    111 |      0 |   1 |  216.0 |
               +--------+--------+--------+--------+--------+-----+--------+

Top non-repeatable levels by time:
     D:1: 1245 daAuts
     D:2: 805 daAuts
   Sewer: 745 daAuts
     D:3: 603 daAuts
 Ossuary: 216 daAuts
     D:6: 39 daAuts
